 Dungeon Crawl Stone Soup version 0.24.0-10-g970556be89 (webtiles) character file.

Game seed: 12140302948000623485, levelgen mode: deterministic

23953 Curus the Spry (level 13, -7/111 HPs)
             Began as a Merfolk Gladiator on Nov 2, 2019.
             Was a High Priest of Okawaru.
             Mangled by a polar bear (16 damage)
             ... on level 6 of the Lair of Beasts on Nov 3, 2019.
             The game lasted 01:13:27 (13920 turns).

Curus the Spry (Merfolk Gladiator)                 Turns: 13920, Time: 01:13:28

Health: -7/111     AC: 14    Str: 12 (14) XL:     13   Next: 10%
Magic:  16/18      EV: 28    Int: 15 (18) God:    Okawaru [*****.]
Gold:   1140       SH:  9    Dex: 18 (19) Spells: 12/12 levels left

rFire    + + .     SeeInvis +   a - +2 trident
rCold    . . .     Gourm    .   p - +2 buckler
rNeg     + . .     Faith    .   t - +3 leather armour {rF+}
rPois    .         Spirit   .   D - +2 helmet {Int+3}
rElec    .         Reflect  .   (no cloak)
rCorr    .         Harm     .   C - +0 pair of gloves of Disaster {rN+ Int+4}
MR       .....                  (no boots)
Stlth    +++.......             G - amulet of regeneration
HPRegen  0.68/turn              j - +3 ring of protection
MPRegen  0.16/turn              v - ring of protection from fire

@: heroism
A: change form in water, swift swim, stealthy swim, see invisible, clever 1,
screaming 1
a: Heroism, Finesse, Renounce Religion


You were on level 6 of the Lair of Beasts.
You worshipped Okawaru.
Okawaru was extremely pleased with you.
You were not hungry.

You visited 2 branches of the dungeon, and saw 15 of its levels.

You collected 1173 gold pieces.
You spent 33 gold pieces at shops.

Inventory:

Hand Weapons
 a - a +2 trident (weapon)
Missiles
 d - 6 throwing nets (quivered)
Armour
 b - a +0 leather armour
 c - a +0 helmet
 e - a +1 pair of gloves
 p - a +2 buckler (worn)
 t - a +3 leather armour of fire resistance (worn)
 C - the +0 pair of gloves of Disaster (worn) {rN+ Int+4}
   (Okawaru gifted it to you on level 5 of the Lair of Beasts)

   It affects your intelligence (+4).
   It protects you from negative energy.
 D - a +2 helmet of intelligence (worn)
Jewellery
 j - a +3 ring of protection (left hand)
 o - an uncursed amulet of the acrobat
 v - a ring of protection from fire (right hand)
 F - an uncursed ring of positive energy
 G - an amulet of regeneration (around neck)
 H - an uncursed amulet of rage
 I - an uncursed ring of teleportation
 L - an uncursed ring of attention
Wands
 q - a wand of flame (31)
 s - a wand of digging (6)
 x - a wand of enslavement (9)
 y - a wand of polymorph (33)
 A - a wand of random effects (46)
 J - a wand of acid (8)
Scrolls
 g - 9 scrolls of remove curse
 i - 2 scrolls of fog
 l - 11 scrolls of identify
 n - 7 scrolls of teleportation
 r - 3 scrolls of amnesia
 u - 2 scrolls of noise
 z - a scroll of summoning
 B - 2 scrolls of blinking
 E - a scroll of fear
Potions
 h - a potion of brilliance
 k - 3 potions of resistance
 m - 7 potions of curing
 M - a potion of haste
Miscellaneous
 w - a box of beasts
Comestibles
 f - 32 rations
 K - 4 chunks of flesh


   Skills:
 + Level 13.3(18.3) Fighting
 - Level 14.0(19.0) Polearms
 - Level 2.0(7.0) Throwing
 + Level 15.7(20.7) Dodging
 - Level 4.0(9.0) Shields
 - Level 7.0 Invocations
 - Level 3.2 Evocations


You had 12 spell levels left.
You didn't know any spells.
Your spell library contained the following spells:

 Spells                   Type           Power        Failure   Level  Hunger
 Sting                    Conj/Pois      #...         34%         1    ##.....
 Summon Small Mammal      Summ           #...         34%         1    ##.....
 Call Imp                 Summ           #.......     45%         2    ###....
 Poisonous Vapours        Pois/Air       #.....       45%         2    ###....
 Call Canine Familiar     Summ           #.......     71%         3    ####...
 Mephitic Cloud           Conj/Pois/Air  #.......     71%         3    ####...
 Summon Guardian Golem    Hex/Summ       #.......     71%         3    ####...
 Olgreb's Toxic Radiance  Pois           #.......     98%         4    #####..
 Summon Ice Beast         Ice/Summ       #.......     98%         4    #####..
 Summon Lightning Spire   Summ/Air       #.......     98%         4    #####..
 Venom Bolt               Conj/Pois      #.........   100%        5    ######.


Dungeon Overview and Level Annotations

Branches:
Dungeon (9/15)             Temple (0/1) D:6            Lair (5/6) D:9
 Shoals (0/4) Lair:4        Snake (0/4) Lair:3
  Slime: Lair:5-6       Orc: D:9-12

Altars:
Ashenzari
Dithmenos
Elyvilon
Nemelex Xobeh
Okawaru
Qazlal
Uskayaw
Zin

Shops:
D:4 ?   D:7 [

Annotations:
Lair:1 exclusion: oklob plant
Lair:5 3 runed translucent doors, Qeimiotua's ghost, journeyman MiFi


Innate Abilities, Weirdness & Mutations

You revert to your normal form in water.
You are very nimble and swift while swimming.
You are very stealthy in the water. (Stealth+)
You have supernaturally acute eyesight. (SInv)
Your mind is acute. (Int +2)
You occasionally shout uncontrollably at your foes.


Message History

You hit the polar bear but do no damage.
The polar bear is severely wounded.
The blink frog hits you. You block the blink frog's attack.
The polar bear barely misses you. The polar bear misses you.
The polar bear closely misses you.
You hit the polar bear.
The polar bear is severely wounded.
You block the blink frog's attack. x2; The polar bear bites you!
* * * LOW HITPOINT WARNING * * *
The polar bear barely misses you. The polar bear completely misses you.
You gain the combat prowess of a mighty hero.
You block the blink frog's attack. The blink frog misses you.
The polar bear bites you!!
* * * LOW HITPOINT WARNING * * *
The polar bear claws you but does no damage.
The polar bear closely misses you.
You hit the polar bear but do no damage.
The polar bear is severely wounded.
The blink frog closely misses you. The polar bear bites you!
You die...

........#
........##
.........##
.........P##
...........##
............###
........FF....#
PP......@h...#
.......†.###...#
........## .
.##....## #.#.#.
a. #.#. . . .a
.# ..


You could see a polar bear (berserk) and 2 blink frogs.

Vanquished Creatures
  Harold (Lair:2)
  3 hydras
  A catoblepas (Lair:5)
  2 two-headed ogres (D:9)
  6 death yaks
  Maurice (D:9)
  3 black mambas
  2 spiny frogs (Lair:4)
  2 rime drakes
  8 komodo dragons
  A queen bee (D:8)
  A blink frog (Lair:6)
  4 hippogriffs
  A wyvern (Lair:6)
  12 yaks
  A basilisk (Lair:2)
  A hungry ghost (D:7)
  A soldier ant (Lair:6)
  8 water moccasins
  7 porcupines
  2 ice beasts
  3 orc warriors (D:9)
  3 phantoms
  A sky beast (D:7)
  4 ogres
  The ghost of hallab the Chopper, an amateur DrMo (D:3)
  2 necrophages
  4 centaurs
  8 wolves
  9 crocodiles
  14 bullfrogs
  A wyvern skeleton (D:9)
  2 scorpions
  16 killer bees (D:8)
  3 wights (D:6)
  3 howler monkeys
  4 crimson imps
  A centaur zombie (D:9)
  7 orc wizards
  2 hounds
  3 orc priests
  A bullfrog skeleton (D:9)
  An iguana (D:7)
  2 centaur skeletons
  Terence (D:2)
  A hell rat (D:9)
  10 worker ants
  3 hound skeletons
  11 gnolls
  10 adders
  A howler monkey skeleton (D:6)
  A shadow imp (D:6)
  An ooze (D:1)
  2 dart slugs
  7 leopard geckos
  36 orcs
  A ball python (D:1)
  6 bats
  5 giant cockroaches
  9 goblins
  5 hobgoblins
  11 jackals
  5 quokkas
  10 frilled lizards
  8 kobolds
  A leopard gecko skeleton (D:8)
  12 rats
  A fungus (Lair:2)
321 creatures vanquished.

Vanquished Creatures (others)
  3 fungi
  A plant (Lair:5)
4 creatures vanquished.

Grand Total: 325 creatures vanquished

Notes
Turn   | Place    | Note
-------+----------+-------------------------------------------
     0 | D:1      | Curus the Merfolk Gladiator began the quest for the Orb.
     0 | D:1      | Reached XP level 1. HP: 16/16 MP: 1/1
    33 | D:1      | Reached skill level 5 in Polearms
    46 | D:1      | Reached XP level 2. HP: 22/22 MP: 2/2
   509 | D:1      | Reached XP level 3. HP: 22/27 MP: 3/3
   980 | D:2      | Reached XP level 4. HP: 4/33 MP: 4/4
  1437 | D:2      | Noticed Terence
  1448 | D:2      | Killed Terence
  1448 | D:2      | Reached XP level 5. HP: 24/38 MP: 5/5
  2036 | D:3      | Found a sparkling altar of Nemelex Xobeh.
  2472 | D:3      | Found a runed translucent door.
  2472 | D:3      | Noticed hallab's ghost (amateur DrMo)
  2710 | D:3      | Reached XP level 6. HP: 18/44 MP: 6/6
  2734 | D:3      | Killed hallab's ghost
  2734 | D:3      | Reached skill level 10 in Polearms
  2970 | D:4      | Reached XP level 7. HP: 40/50 MP: 7/7
  3157 | D:4      | Found a white marble altar of Elyvilon.
  3248 | D:4      | Found a shattered altar of Ashenzari.
  3390 | D:4      | Found Dimesare's Magic Scroll Shop.
  3428 | D:4      | Bought a scroll of fog for 22 gold pieces
  3428 | D:4      | Bought a scroll of noise for 11 gold pieces
  3589 | D:5      | Entered Level 5 of the Dungeon
  3675 | D:5      | Found a hide-covered altar of Uskayaw.
  3858 | D:5      | Found an iron altar of Okawaru.
  3899 | D:5      | Became a worshipper of Warmaster Okawaru
  3934 | D:5      | Reached XP level 8. HP: 42/56 MP: 8/8
  4363 | D:6      | Reached * piety under Okawaru
  4430 | D:6      | Found a staircase to the Ecumenical Temple.
  4559 | D:6      | Reached skill level 5 in Dodging
  4777 | D:6      | Found a white marble altar of Elyvilon.
  4784 | D:6      | Reached skill level 6 in Dodging
  4784 | D:6      | Reached XP level 9. HP: 66/66 MP: 9/9
  5021 | D:7      | Found a glowing silver altar of Zin.
  5111 | D:7      | Reached skill level 5 in Fighting
  5123 | D:7      | Found Finitubb's Armour Shop.
  5334 | D:7      | Reached skill level 7 in Dodging
  5433 | D:7      | Reached ** piety under Okawaru
  5509 | D:7      | Reached skill level 8 in Dodging
  6035 | D:8      | Reached skill level 9 in Dodging
  6076 | D:8      | Reached *** piety under Okawaru
  6214 | D:8      | Reached XP level 10. HP: 17/80 MP: 10/10
  6343 | D:8      | Reached skill level 10 in Dodging
  6414 | D:8      | Found a shadowy altar of Dithmenos.
  6792 | D:8      | Found an iron altar of Okawaru.
  6792 | D:8      | Found a stormy altar of Qazlal.
  7237 | D:9      | Reached **** piety under Okawaru
  7248 | D:9      | Noticed Maurice
  7268 | D:9      | Killed Maurice
  7268 | D:9      | Reached skill level 11 in Dodging
  7370 | D:9      | Upgraded the game from 0.24.0-7-gb3623d2c88 to
                  | 0.24.0-10-g970556be89
  7654 | D:9      | Noticed a two-headed ogre
  7688 | D:9      | Killed a two-headed ogre
  8207 | D:9      | Reached skill level 10 in Fighting
  8207 | D:9      | Reached skill level 12 in Dodging
  8289 | D:9      | Noticed a two-headed ogre
  8307 | D:9      | Killed a two-headed ogre
  8307 | D:9      | Reached ***** piety under Okawaru
  8307 | D:9      | Reached XP level 11. HP: 71/92 MP: 11/11
  8487 | D:9      | Noticed a death yak
  8488 | D:9      | Noticed a death yak
  8489 | D:9      | Noticed a death yak
  8551 | D:9      | Killed a death yak
  8592 | D:9      | Killed a death yak
  8592 | D:9      | Reached skill level 13 in Dodging
  8644 | D:9      | Killed a death yak
  8851 | D:9      | Found a staircase to the Lair.
  8870 | Lair:1   | Entered Level 1 of the Lair of Beasts
  8964 | Lair:1   | Reached skill level 1 in Shields
  8964 | Lair:1   | Reached skill level 1 in Invocations
  9046 | Lair:1   | Noticed an oklob plant
  9437 | Lair:1   | Noticed a seven-headed hydra
  9453 | Lair:1   | Killed a seven-headed hydra
  9453 | Lair:1   | Received a gift from Okawaru
 10212 | Lair:2   | Gained mutation: You have supernaturally acute eyesight.
                  | (SInv) [potion of mutation]
 10212 | Lair:2   | Gained mutation: You occasionally shout uncontrollably at
                  | your foes. [potion of mutation]
 10212 | Lair:2   | Gained mutation: Your mind is acute. (Int +2) [potion of
                  | mutation]
 10360 | Lair:2   | Noticed Harold
 10385 | Lair:2   | Killed Harold
 10385 | Lair:2   | Reached skill level 5 in Invocations
 10385 | Lair:2   | Reached skill level 1 in Evocations
 10407 | Lair:2   | Reached XP level 12. HP: 41/100 MP: 16/16
 11144 | Lair:3   | Noticed a death yak
 11144 | Lair:3   | Noticed a death yak
 11144 | Lair:3   | Noticed a death yak
 11167 | Lair:2   | Killed a death yak
 11188 | Lair:2   | Killed a death yak
 11425 | Lair:3   | Killed a death yak
 11484 | Lair:3   | Reached skill level 14 in Dodging
 11489 | Lair:3   | Found a staircase to the Snake Pit.
 12083 | Lair:4   | Found a staircase to the Shoals.
 12414 | Lair:4   | Received a gift from Okawaru
 12925 | Lair:5   | Noticed a seven-headed hydra
 12927 | Lair:5   | Noticed Qeimiotua's ghost (journeyman MiFi)
 12942 | Lair:5   | Noticed a catoblepas
 12968 | Lair:5   | Noticed a five-headed hydra
 12985 | Lair:5   | Killed a catoblepas
 13117 | Lair:5   | Found a runed translucent gate.
 13123 | Lair:5   | Found a runed translucent gate.
 13177 | Lair:5   | Noticed a five-headed hydra
 13212 | Lair:5   | Killed a five-headed hydra
 13212 | Lair:5   | Reached skill level 15 in Dodging
 13335 | Lair:5   | Noticed an eight-headed hydra
 13357 | Lair:4   | Killed an eight-headed hydra
 13468 | Lair:5   | Reached XP level 13. HP: 73/111 MP: 18/18
 13477 | Lair:5   | Received a gift from Okawaru
 13524 | Lair:5   | Got a pair of transparent gloves {god gift}
 13621 | Lair:5   | Identified the +0 pair of gloves of Disaster {rN+ Int+4}
                  | (Okawaru gifted it to you on level 5 of the Lair of Beasts)
 13750 | Lair:5   | Found a runed translucent gate.
 13859 | Lair:5   | You fall into a shaft and drop 1 floor!
 13859 | Lair:6   | Entered Level 6 of the Lair of Beasts
 13920 | Lair:6   | Mangled by a polar bear

Levels and vault maps discovered:
D:1:      roderic_octagonal_star, layout_loops_corners, nrook_mini_vaults
D:2:      layout_loops_cross, chequers_serial_rivers_micro_e, uniq_terence
D:3:      layout_basic, lemuel_crystal_altar, first_ration,
          ebering_ghost_inner_flame
D:4:      layout_gridville, nicolae_overflow_crystal_walls, serial_shops,
          nicolae_shop_waterfront, hangedman_decor_lopped,
          cheibrodos_ashenzari_chains
D:5:      layout_loops_ring, eat_drink_and_be_merry_uskayaw,
          hangedman_decor_push, okawaru_gym_becter
D:6:      layout_loops_ring, minmay_temple_entry_waves, basic_altar
D:7:      layout_cave_pods, zin_treasury, serial_shops, shop_fountains,
          minmay_misc_feat_x
D:8:      layout_basic, chequers_temple_overflow_statue_of_worship,
          david_nohive_1, dk_noncrumbling_4, supply_closet_lemuel,
          grunt_dithmenos_smoke_and_mirrors
D:9:      layout_long_grid, dpeg_lair_monsters, minmay_splitting_lines,
          chequers_serial_rivers_micro_b, uniq_maurice
Lair:1:   layout_roguey, minmay_lair_oklob_items, minivault_11,
          lemuel_fruit_fields
Lair:2:   layout_cave_pods, lemuel_fruit_tree, uniq_harold
Lair:3:   layout_roguey, dummy_snake_entry, beast_lair_carwin_3
Lair:4:   layout_cave_pods, elwin_shoals_entry_rocks, serial_bayou_pond_d
Lair:5:   layout_small_grid, gammafunk_ghost_split, lemuel_centaur_altar
Lair:6:   due_jungle_book, layout_cave_pods, minmay_slime_entry_pillars,
          zaba_anthell

Skill      XL: |  1  2  3  4  5  6  7  8  9 10 11 12 |
---------------+-------------------------------------+-----
Polearms       | 5 6 7 8 9 10 12 14 | 14.0
Fighting       | 4 7 10 11 13 | 13.3
Dodging        | 6 9 12 13 15 | 15.7
Shields        | 4 |  4.0
Invocations    | 5 7 |  7.0
Evocations     | 1 3 |  3.2
Throwing       | |  2.0

Action                   |  1- 3 |  4- 6 |  7- 9 | 10-12 | 13-15 || total
-------------------------+-------+-------+-------+-------+-------++-------
Melee: Trident           |   111 |   202 |   583 |  1096 |   135 ||  2127
       Tailslap          |       |       |       |     2 |       ||     2
Invok: Heroism           |       |       |     2 |     8 |     1 ||    11
Evoke: Wand              |       |       |     4 |     5 |       ||     9
  Use: Potion            |     5 |     3 |     2 |     6 |     1 ||    17
       Scroll            |     2 |     3 |     5 |     8 |     1 ||    19
 Stab: Sleeping          |     3 |     2 |       |       |       ||     5
       Distracted        |     1 |       |       |       |     1 ||     2
  Eat: Chunk             |       |     7 |     6 |    17 |     1 ||    31
       Ration            |       |       |     2 |     2 |       ||     4
Armor: Leather armour    |    19 |    25 |    93 |    99 |    19 ||   255
Dodge: Dodged            |    74 |   105 |   259 |   511 |   139 ||  1088
Block: Buckler           |       |       |   106 |   234 |    62 ||   402
